 Dungeon Crawl Stone Soup version 0.25-a0-1073-gf4359a17dd (webtiles) character file.

Game seed: 8951266923232423256, levelgen mode: deterministic

88 Flugslaktarn the Skirmisher (level 4, -2/24 HPs)
             Began as a Vine Stalker Fighter on May 14, 2020.
             Slain by Crazy Yiuf
             ... wielding a +2 quarterstaff of chaos
              (8 damage)
             ... on level 2 of the Dungeon.
             The game lasted 00:00:32 (1923 turns).

Flugslaktarn the Skirmisher (Vine Stalker Fighter)  Turns: 1923, Time: 00:00:33

Health: -2/24      AC:  8    Str: 20    XL:     4   Next: 54%
Magic:  0/5        EV:  7    Int:  8    God:
Gold:   83         SH:  9    Dex: 13    Spells: 3/3 levels left

rFire    . . .     SeeInvis .   a - +0 war axe
rCold    . . .     Gourm    .   c - +0 kite shield
rNeg     . . .     Faith    .   b - +0 scale mail
rPois    .         Spirit   +   g - +2 hat
rElec    .         Reflect  .   (no cloak)
rCorr    .         Harm     .   (no gloves)
MR       .....                  (no boots)
Stlth    ..........             (no amulet)
HPRegen  0.48/turn              (no ring)
MPRegen  0.09/turn              (no ring)

@: no status effects
A: fangs 2, regeneration 1, magic shield, antimagic bite, no potion heal 3, rot
immunity
a: no special abilities


You were on level 2 of the Dungeon.
You were not hungry.

You visited 1 branch of the dungeon, and saw 2 of its levels.

You collected 83 gold pieces.

Inventory:

Hand Weapons
 a - a +0 war axe (weapon)
Armour
 b - a +0 scale mail (worn)
 c - a +0 kite shield (worn)
 g - a +2 hat (worn)
   (You found it on level 1 of the Dungeon)
Jewellery
 n - a cursed ring of teleportation {unknown}
   (You found it on level 2 of the Dungeon)
Scrolls
 f - 3 scrolls of identify {unknown}
 j - a scroll of enchant weapon {unknown}
 l - a scroll of fear {unknown}
 o - a scroll of enchant armour {unknown}
Potions
 d - a potion of might
 h - a potion of curing {unknown}
 i - 2 potions of lignification {unknown}
 k - a potion of berserk rage {unknown}
Comestibles
 e - 4 rations


   Skills:
 + Level 3.2 Fighting
 * Level 3.0 Axes
 + Level 2.8 Armour
 + Level 3.2 Shields


You had 3 spell levels left.
You didn't know any spells.
Your spell library was empty.

Dungeon Overview and Level Annotations

Branches:
Dungeon (2/15)

Altars:
Cheibriados
Dithmenos
Qazlal
Yredelemnul

Annotations:
D:2 Crazy Yiuf


Innate Abilities, Weirdness & Mutations

You have extremely sharp teeth.
Your natural rate of healing is unusually fast.
When hurt, damage is shared between your health and your magic reserves.
Your bite disrupts and absorbs the magic of your enemies.
Potions cannot restore your health.
You are immune to rotting.


Message History

You hit Crazy Yiuf but do no damage. You bite Crazy Yiuf. You drain his power.
You feel invigorated.
Crazy Yiuf is heavily wounded.
Crazy Yiuf hits you with a +2 quarterstaff of chaos.
Crazy Yiuf freezes you.
You barely miss Crazy Yiuf.
Crazy Yiuf is heavily wounded.
Crazy Yiuf hits you with a +2 quarterstaff of chaos!
* * * LOW HITPOINT WARNING * * *
Crazy Yiuf burns you.
* * * LOW HITPOINT WARNING * * *
You are too injured to fight recklessly!
You are too injured to fight recklessly!
You are too injured to fight recklessly!
You closely miss Crazy Yiuf. You bite Crazy Yiuf. You drain his power.
You feel invigorated.
Crazy Yiuf is heavily wounded.
Crazy Yiuf barely misses you.
Crazy Yiuf hits you with a +2 quarterstaff of chaos!
You die...

###..##
######...#
#....#
#......#..
#..#P#
#.####...#
#..P##
##.#####.##
##.##
#........#
#.##
#..#######
##.#
#..########
#.##
#......<...
##@#
#.#########
#g# #.# ...
##.# #...#
#..# #..)#
#.## #####
#.#
#.##########
###
#.#.........
#.#
#.#>##......


You could see Crazy Yiuf.

Vanquished Creatures
  Natasha (twice) (D:2)
  An adder (D:2)
  4 dart slugs
  2 bats (D:1)
  2 giant cockroaches (D:1)
  5 hobgoblins
  A kobold (D:1)
  3 frilled lizards
  2 goblins (D:1)
  2 rats (D:1)
  3 fungi (D:2)
27 creatures vanquished.

Notes
Turn   | Place    | Note
-------+----------+-------------------------------------------
     0 | D:1      | Flugslaktarn the Vine Stalker Fighter began the quest for
                  | the Orb.
     0 | D:1      | Reached XP level 1. HP: 11/11 MP: 2/2
   590 | D:1      | Reached XP level 2. HP: 15/16 MP: 3/3
   897 | D:1      | Reached XP level 3. HP: 19/19 MP: 4/4
  1151 | D:2      | Found a shadowy altar of Dithmenos.
  1345 | D:2      | Found a stormy altar of Qazlal.
  1464 | D:2      | Found a snail-covered altar of Cheibriados.
  1525 | D:2      | Found a basalt altar of Yredelemnul.
  1588 | D:2      | Noticed Natasha
  1598 | D:2      | Killed Natasha
  1598 | D:2      | Gained mutation: Your natural rate of healing is unusually
                  | fast. [Vine Stalker growth]
  1598 | D:2      | Reached XP level 4. HP: 7/24 MP: 1/5
  1853 | D:2      | Noticed Natasha
  1860 | D:2      | Killed Natasha
  1915 | D:2      | Found a runed translucent door.
  1916 | D:2      | Noticed Crazy Yiuf
  1923 | D:2      | Slain by Crazy Yiuf

Illustrated notes

Levels and vault maps discovered:
D:1:      dpeg_arrival_connections, layout_loops_corners, minmay_pentomino_o2
D:2:      lemuel_upstairs_altar, layout_loops_ring, lemuel_doored_altar,
          grunt_dithmenos_smoke_and_mirrors, nicolae_qazlal_eye_of_the_storm,
          kennysheep_slug_shrine, first_ration, uniq_natasha,
          uniq_crazy_yiuf_cottage

Skill      XL: |  1  2  3  4 |
---------------+-------------+-----
Axes           | 2 3 |  3.0
Fighting       | 3 |  3.2
Shields        | 3 |  3.2
Armour         | |  2.8

Action                   |  1- 3 |  4- 6 || total
-------------------------+-------+-------++-------
Melee: War axe           |    52 |    20 ||    72
       Bite              |    10 |    11 ||    21
  Eat: Chunk             |     2 |     1 ||     3
Armor: Scale mail        |    29 |       ||    29
Dodge: Dodged            |     4 |     2 ||     6
Block: Kite shield       |    24 |     4 ||    28

Table legend:
 A = Non-vault XP
 B = Vault XP
 C = Vault XP percentage of total XP
 D = Non-vault monster count
 E = Vault monster count
 F = Vault count percentage of total count
                 A         B        C        D         E       F
            +---------+---------+-------+---------+---------+-------
      Total |      85 |      42 |  33.1 |      20 |       4 |  16.7
            +---------+---------+-------+---------+---------+-------
        D:1 |      31 |       3 |   8.8 |      15 |       2 |  11.8
        D:2 |      54 |      39 |  41.9 |       5 |       2 |  28.6
            +---------+---------+-------+---------+---------+-------
